 Dungeon Crawl Stone Soup version 0.20-a0-553-gbaa0004 (webtiles) character file.

71 Implojin the Insei (level 3, 0/33 HPs)
             Began as a Cyno Chaos Knight on Feb 5, 2017.
             Slain by a sixfirhy (10 damage)
             ... summoned by the capriciousness of Xom
             ... on level 2 of the Dungeon.
             The game lasted 00:03:48 (1638 turns).

Implojin the Insei (Cyno Chaos Knight)              Turns: 1638, Time: 00:03:49

Health: 0/33       AC: 11    Str: 11    XL:     3   Next: 79%
Magic:  3/3        EV:  5    Int: 12    God:    Xom [*.....]
Gold:   109        SH:  0    Dex: 14    Spells: 2/2 levels left

rFire    . . .     SeeInvis .     - Unarmed
rCold    . . .     Gourm    .   q - +0 chain mail (curse)
rNeg     . . .     Faith    .   (no shield)
rPois    .         Spirit   .   w - +0 helmet
rElec    .         Reflect  .   (no cloak)
rCorr    .         Harm     .   (no gloves)
MR       .....                  m - +0 pair of boots
Stlth    ..........             (no amulet)
Regen    0.2/turn               (no ring)
                                (no ring)

@: about to teleport
A: short attention span, strong nose 1
a: Renounce Religion


You were on level 2 of the Dungeon.
You worshipped Xom.
You were a special plaything of Xom.
You were not hungry.

You visited 1 branch of the dungeon, and saw 2 of its levels.

You collected 109 gold pieces.

Inventory:

Hand Weapons
 f - a +1 vampiric spear
 u - a +0 hunting sling
 x - a +0 hunting sling
Missiles
 v - 34 stones (quivered)
Armour
 a - a +2 leather armour
 e - a +0 ring mail
 m - a +0 pair of boots (worn)
 q - a cursed +0 chain mail (worn)
 w - a +0 helmet (worn)
Jewellery
 i - an uncursed ring of protection from fire {unknown}
 l - a +3 ring of strength {unknown}
Scrolls
 j - a scroll of remove curse
Potions
 g - a potion of haste {unknown}
 k - a potion of berserk rage {unknown}
 n - a potion of cure mutation {unknown}
 o - a potion of heal wounds {unknown}
 r - a potion of curing {unknown}
 s - a potion of might {unknown}
Comestibles
 b - 2 bread rations
 c - a fruit
 t - 2 chunks of flesh


   Skills:
 - Level 5.1 Fighting
 - Level 2.6 Armour
 - Level 1.3 Dodging
 * Level 5.4 Unarmed Combat


You had 2 spell levels left.
You didn't know any spells.

Dungeon Overview and Level Annotations

Branches:
Dungeon (2/15)

Altars:


Innate Abilities, Weirdness & Mutations

You have a short attention span.
You have a good sense of smell.


Message History

The frilled lizard bites you but does no damage.
Your chain mail prevents you from hitting the frilled lizard.
The frilled lizard is heavily wounded.
The frilled lizard bites you.
You miss the frilled lizard.
The frilled lizard is heavily wounded.
The frilled lizard bites you.
You closely miss the frilled lizard.
The frilled lizard is heavily wounded.
The frilled lizard barely misses you.
You punch the frilled lizard!
You kill the frilled lizard!
You start resting.
You are now a BORING thing.
Wear which item? (? for menu, Esc to quit)
You start putting on your armour.
You continue putting on your helmet. x4
You finish putting on your +0 helmet.
Unknown command.
You start resting.
Your magical contamination has completely faded away.
You start resting.
Xom's attention turns to you for a moment.
Something forms from out of thin air!
You are now a special plaything of Xom.
As you read the scroll labeled AVUOQA RIYPLOSECITZ, it crumbles to dust.
It is a scroll of recharging.
You aren't carrying any rechargeable items.
As you read the scroll labeled TUOMNEPHEE, it crumbles to dust.
It is a scroll of identify.
j - a scroll of remove curse The sixfirhy hits you.
The sixfirhy shocks you!
* * * LOW HITPOINT WARNING * * *
As you read the scroll labeled ZASIPR GEIWNE, it crumbles to dust.
You feel strangely unstable.
It was a scroll of teleportation.
The sixfirhy hits you but does no damage. x3
The sixfirhy hits you.
* * * LOW HITPOINT WARNING * * *
The sixfirhy shocks you!
You die... "It's all fun and games until someone loses an eye."

# .# # .#### # .. #....
# #. ##...## # #.###
##.....## ### #.#.##
##.......##
..####....####.........#
...........†))).3......+
..#####...####..@......#
..# #..## ##.......##
#.# #.## ##.....## #.#
#.# ##...## ..# #.# #'##
### ###.# .# #...# .#
#####.#.# .# ........#


You could see a sixfirhy.

Vanquished Creatures
  Robin (D:2)
  An ooze (D:2)
  A leopard gecko (D:1)
  A giant cockroach (D:1)
  14 goblins
  8 hobgoblins
  2 jackals (D:2)
  A quokka (D:2)
  A ball python (D:2)
  6 bats
  9 frilled lizards
  4 kobolds (D:1)
  5 rats
54 creatures vanquished.

Notes
Turn   | Place    | Note
-------+----------+-------------------------------------------
     0 | D:1      | Implojin the Cyno Chaos Knight began the quest for the Orb.
     0 | D:1      | Reached XP level 1. HP: 19/19 MP: 1/1
   274 | D:1      | Reached XP level 2. HP: 25/25 MP: 2/2
   283 | D:1      | XOM: silly message
   334 | D:1      | Reached skill level 5 in Unarmed Combat
   887 | D:2      | XOM: potion effect (invisibility)
   889 | D:2      | Reached XP level 3. HP: 23/32 MP: 3/3
  1344 | D:2      | Reached skill level 5 in Fighting
  1409 | D:2      | XOM: silly message
  1466 | D:2      | XOM: harmless Fire miscast
  1502 | D:2      | Noticed Robin
  1502 | D:2      | XOM: potion effect (haste)
  1530 | D:2      | Killed Robin
  1530 | D:2      | XOM: scenery: 1 doors open
  1634 | D:2      | XOM is BORED!
  1634 | D:2      | XOM: medium Summ miscast
  1635 | D:2      | Noticed a sixfirhy
  1638 | D:2      | Slain by a sixfirhy

Vault maps used:
D:1:      nagdon_arrival_double_spiral
D:2:      lemuel_doored_altar, marbit_many_paths, minmay_cupped, uniq_robin

Skill      XL: |  1  2  3 |
---------------+----------+-----
Unarmed Combat | 5 |  5.4
Fighting       | 5 |  5.1
Armour         | |  2.6
Dodging        | |  1.3

Action                   || total
-------------------------++-------
Melee: Unarmed           ||   146
       Punch             ||     1
  Use: Scroll            ||     3
  Eat: Chunk             ||     2
Armor: Leather armour    ||    31
       Chain mail        ||    19
Dodge: Dodged            ||    67

Table legend:
 A = Turns spent in this place as a percentage of turns spent in the entire game.
 B = Non-inter-level travel turns spent in this place as a percentage of non-inter-level travel turns spent in the entire game.
 C = Inter-level travel turns spent in this place as a percentage of turns spent in this place.
 D = Turns resting spent in this place as a percentage of non-inter-level travel turns spent in this place.
 E = Turns spent auto-exploring this place as a percentage of non-inter-level travel turns spent in this place.
 F = Non-inter-level travel turns spent in this place divided by the number of levels of this place that you've seen.
                   A       B       C       D       E      F
               +-------+-------+-------+-------+-------+----------------------
         Total | 100.0 | 100.0 |   0.4 |   3.6 |  11.9 | 274.0
       Dungeon | 100.0 | 100.0 |   0.4 |   3.6 |  11.9 | 274.0
               +-------+-------+-------+-------+-------+----------------------

Table legend:
 A = Kills in this place as a percentage of kills in entire the game.
 B = Kills by you in this place as a percentage of kills by you in the entire game.
 C = Kills by friends in this place as a percentage of kills by friends in the entire game.
 D = Other kills in this place as a percentage of other kills in the entire game.
 E = Experience gained in this place as a percentage of experience gained in the entire game.
 F = Experience gained in this place divided by the number of levels of this place that you have seen.
                   A       B       C       D       E      F
               +-------+-------+-------+-------+-------+----------------------
         Total | 100.0 | 100.0 |  -nan |  -nan | 100.0 |  51.0
       Dungeon | 100.0 | 100.0 |  -nan |  -nan | 100.0 |  51.0
               +-------+-------+-------+-------+-------+----------------------
